Sabres vs Avalanche

Created - 6 décembre 2020 at 20:38

Goals
1 2 3 OT1 SO T
Sabres 2 1 0 0 2 4
Avalanche 1 0 2 0 0 3
Shots
1 2 3 OT1 SO T
Sabres 13 6 10 3 2 32
Avalanche 12 6 12 2 2 32

1st period

1. Avalanche , Ryan Strome 8 (Dominik Kubalik 8, Adam Fox 10) at 0:18
2. Sabres , Kris Letang 4 (Leon Draisaitl 14, Elias Lindholm 9) at 5:40 (PP)
3. Sabres , Ryan Nugent-Hopkins 8 (Rasmus Ristolainen 14, Elias Lindholm 10) at 16:32

Penalties :
Chris Tanev (COL) for Roughing (Minor) at 4:10

2nd period

4. Sabres , Elias Lindholm 11 (Ryan Nugent-Hopkins 13, Leon Draisaitl 15) at 7:59

Penalties :
Chris Tanev (COL) for High sticking (Minor) at 3:56

3rd period

5. Avalanche , Ryan Strome 9 (Andrew Mangiapane 5, Adam Fox 11) at 5:07 (PP)
6. Avalanche , Casey Cizikas 7 (Ryan Strome 9, Chris Tanev 6) at 7:21

Penalties :
Rasmus Dahlin (BUF) for Roughing (Double Minor) at 2:36, Adam Fox (COL) for Roughing (Minor) at 6:57, Tyler Seguin (BUF) for Hooking (Minor) at 6:57, Dylan Strome (COL) for Interference (Minor) at 10:35

Overtime #1

No Goal

Penalties :
Frederik Andersen (COL) for Slashing (Minor) at 3:17 - Casey Cizikas served the penalty.

Shootout

Sabres, Tyler Seguin - Goal!
Avalanche, Ryan Strome - Stopped by Matt Murray
Sabres, Leon Draisaitl - Goal!
Avalanche, Andreas Athanasiou - Stopped by Matt Murray

Penalties :
No Penalty

Goalie Stats

Matt Murray (BUF), 29 saves from 32 shots - (0,906), W, 13-4-1, 65:00 minutes
Frederik Andersen (COL), 29 saves from 32 shots - (0,906), OTL, 8-6-1, 65:00 minutes

Players Stats for Sabres

Player Name              G  A  P  +/- PIM S  H  SB GA TA FO     MP     PP MP  PK MP  
------------------------------------------------------------------------------------
Adam Pelech              0  0  0   1  0   0  6  0  0  0  0/0    14:29   0:00   0:00 
Dmitry Orlov             0  0  0   0  0   0  2  5  0  0  0/0    18:37   0:00   1:23 
Elias Lindholm           1  2  3   1  0   2  2  0  0  0  0/0    23:56   2:43   0:39 
Erik Gustafsson          0  0  0   1  0   1  2  1  0  0  0/0    18:22   3:12   1:23 
Jimmy Vesey              0  0  0   0  0   0  0  0  0  0  1/1     6:51   0:00   0:00 
Jonathan Drouin          0  0  0   0  0   2  0  0  0  0  0/1    10:52   0:00   0:00 
Kevin Fiala              0  0  0   0  0   2  0  0  0  0  1/2    19:22   2:45   0:00 
Kris Letang              1  0  1  -1  0   3  1  3  0  0  0/0    26:48   2:16   1:08 
Lars Eller               0  0  0   0  0   1  1  1  0  0  9/13   11:31   0:00   0:39 
Leon Draisaitl           0  2  2   0  0   4  1  0  0  0  15/31  23:45   2:43   0:03 
Luke Glendening          0  0  0   0  0   1  3  0  0  0  4/9    16:37   0:00   1:52 
Michael Grabner          0  0  0   0  0   0  0  0  0  0  0/0     6:51   0:00   0:00 
Nic Dowd                 0  0  0   0  0   1  1  0  0  0  4/7     8:40   0:00   1:49 
Nikolaj Ehlers           0  0  0   0  0   5  0  0  0  0  0/1    14:11   2:45   0:00 
Rasmus Dahlin            0  0  0   0  4   0  0  0  0  0  0/0    20:44   3:12   0:00 
Rasmus Ristolainen       0  1  1  -1  0   2  4  1  0  0  0/0    27:41   2:16   1:08 
Ryan Nugent-Hopkins      1  1  2   0  0   4  4  0  0  0  4/6    23:34   2:43   0:00 
Tyler Seguin             0  0  0   0  2   4  1  0  0  0  14/19  19:19   2:45   0:00 

Players Stats for Avalanche

Player Name              G  A  P  +/- PIM S  H  SB GA TA FO     MP     PP MP  PK MP  
------------------------------------------------------------------------------------
Adam Fox                 0  2  2   0  2   4  1  0  0  0  0/0    24:07   1:29   4:01 
Andreas Athanasiou       0  0  0  -1  0   2  1  0  0  0  0/0    11:02   1:04   0:00 
Andrew Mangiapane        0  1  1   0  0   1  1  0  0  0  1/3    18:40   1:27   0:00 
Brad Richardson          0  0  0   0  0   1  0  1  0  0  5/12   14:56   0:00   3:51 
Casey Cizikas            1  0  1   0  0   3  1  0  0  0  7/18   13:31   0:00   2:03 
Chris Tanev              0  1  1   1  4   1  2  2  0  0  0/0    23:51   1:29   2:15 
Dominik Kubalik          0  1  1   0  0   1  1  0  0  0  0/1    19:11   1:27   0:25 
Dylan Strome             0  0  0   0  2   4  0  0  0  0  10/21  16:59   1:04   0:00 
Jake McCabe              0  0  0  -1  0   3  0  2  0  0  0/0    21:07   1:02   3:09 
Joakim Nordstrom         0  0  0   0  0   0  2  3  0  0  2/2    12:38   0:00   3:00 
Michael Anderson         0  0  0   0  0   0  4  3  0  0  0/0    13:31   0:00   1:46 
Miles Wood               0  0  0  -1  0   2  2  0  0  0  0/1     8:54   0:00   0:00 
Noah Juulsen             0  0  0   0  0   0  1  2  0  0  0/0    16:44   0:00   0:00 
Robby Fabbri             0  0  0   0  0   2  3  0  0  0  0/0    15:49   1:04   0:00 
Ryan Dzingel             0  0  0   0  0   1  0  0  0  0  0/3    15:39   0:00   1:16 
Ryan Strome              2  1  3   1  0   5  1  0  0  0  13/29  21:56   1:27   0:00 
Shayne Gostisbehere      0  0  0   0  0   2  0  4  0  0  0/0    27:19   1:02   3:09 
Tobias Rieder            0  0  0   0  0   0  0  0  0  0  0/0    11:35   0:00   2:03 

3 Stars

1 - Ryan Strome (COL)
2 - Elias Lindholm (BUF)
3 - Ryan Nugent-Hopkins (BUF)

Power Play

Sabres - 1 on 4 Attempt(s) - 25,00%
Avalanche - 1 on 2 Attempt(s) - 50,00%

Penalty Kill

Sabres - 1 on 2 Attempt(s) - 50,00% - Score 0 goal in Penalty Kill
Avalanche - 3 on 4 Attempt(s) - 75,00% - Score 0 goal in Penalty Kill

Team Stat

Sabres - Hits : 28 - Faceoff Wins : 52 - Blocked Shots : 11 - Penalty Minutes : 6
Avalanche - Hits : 20 - Faceoff Wins : 38 - Blocked Shots : 17 - Penalty Minutes : 10

Official

Referees : Francis Charron and Corey Syvret
Linesman : Brad Kovachik and Kiel Murchison

Game Notes

No Game Note

Finance

Level 1 -- Attendance: 5779 (88,91%) -- Ticket Income 589 458 $
Level 2 -- Attendance: 5000 (100,00%) -- Ticket Income 375 000 $
Level 3 -- Attendance: 3120 (89,14%) -- Ticket Income 171 600 $
Level 4 -- Attendance: 2007 (100,00%) -- Ticket Income 90 315 $
Luxury Box -- Attendance: 1000 (100,00%) -- Ticket Income 200 000 $
Game was played at the Pepsi Center.
Total Attendance: 16906 (93,89%)
Total Ticket Income: 1 426 373 $
Other Income: 698 923 $
Total Income: 2 125 296 $

% Time on Ice - Sabres

Lines # - Real PCT - Wanted PCT - Time Play
Normal Forward
1 - 35% - 40% - 17:34
2 - 29% - 33% - 14:45
3 - 22% - 22% - 10:52
4 - 14% - 5% - 6:51
Normal Defense
1 - 40% - 40% - 19:54
2 - 32% - 30% - 15:56
3 - 28% - 25% - 13:47
4 - 1% - 5% - 0:25
PP Forward
1 - 50% - 60% - 2:43
2 - 50% - 40% - 2:45
PP Defense
1 - 41% - 60% - 2:16
2 - 59% - 40% - 3:12
PK Forward
1 - 74% - 60% - 1:52
2 - 26% - 40% - 0:39
PK Defense
1 - 45% - 60% - 1:08
2 - 55% - 40% - 1:23
PK3 Forward
1 - 0% - 60%
2 - 0% - 40%
PK3 Defense
1 - 0% - 60%
2 - 0% - 40%
44 Forward
1 - 46% - 60% - 1:42
2 - 54% - 40% - 1:59
44 Defense
1 - 65% - 60% - 2:23
2 - 35% - 40% - 1:18
Last Minute Offensive  - 0:00
Last Minute Defensive  - 0:00
Total
Forward - 61:42
Defense - 61:42

% Time on Ice - Avalanche

Lines # - Real PCT - Wanted PCT - Time Play
Normal Forward
1 - 34% - 35% - 17:13
2 - 29% - 30% - 14:23
3 - 18% - 20% - 8:54
4 - 19% - 15% - 9:32
Normal Defense
1 - 37% - 40% - 18:38
2 - 33% - 30% - 16:17
3 - 22% - 20% - 10:47
4 - 9% - 10% - 4:20
PP Forward
1 - 58% - 50% - 1:27
2 - 42% - 50% - 1:04
PP Defense
1 - 41% - 50% - 1:02
2 - 59% - 50% - 1:29
PK Forward
1 - 63% - 60% - 3:25
2 - 38% - 40% - 2:03
PK Defense
1 - 52% - 60% - 2:49
2 - 48% - 40% - 2:39
PK3 Forward
1 - 57% - 51% - 0:58
2 - 43% - 49% - 0:44
PK3 Defense
1 - 20% - 51% - 0:20
2 - 80% - 49% - 1:22
44 Forward
1 - 71% - 60% - 1:25
2 - 29% - 40% - 0:34
44 Defense
1 - 34% - 60% - 0:40
2 - 66% - 40% - 1:19
Last Minute Offensive  - 0:00
Last Minute Defensive  - 0:00
Total
Forward - 61:42
Defense - 61:42

Play-by-Play

1st period


0:01 of 1st period - Ryan Strome wins face-off versus Leon Draisaitl in neutral zone.
0:12 of 1st period - Shot by Leon Draisaitl.
0:12 of 1st period - Shot Misses the Net.
0:18 of 1st period - Shot by Dominik Kubalik.
0:18 of 1st period - Deflect By Ryan Strome.
0:18 of 1st period - Goal by Ryan Strome - Sabres : 0 - Avalanche : 1.
0:19 of 1st period - Tyler Seguin wins face-off versus Dylan Strome in neutral zone.
0:22 of 1st period - Noah Juulsen is hit by Luke Glendening and loses puck.
1:08 of 1st period - Icing by Rasmus Dahlin.
1:09 of 1st period - Casey Cizikas wins face-off versus Tyler Seguin in Sabres zone.
1:10 of 1st period - Shot by Andreas Athanasiou.
1:10 of 1st period - Stopped by Matt Murray without a rebound.
1:11 of 1st period - Casey Cizikas wins face-off versus Lars Eller in Sabres zone.
1:34 of 1st period - Shot by Casey Cizikas.
1:34 of 1st period - Stopped by Matt Murray without a rebound.
1:35 of 1st period - Ryan Strome wins face-off versus Leon Draisaitl in Sabres zone.
1:36 of 1st period - Shot by Adam Fox.
1:36 of 1st period - Stopped by Matt Murray without a rebound.
1:37 of 1st period - Brad Richardson wins face-off versus Ryan Nugent-Hopkins in Sabres zone.
1:37 of 1st period - Brad Richardson is hit by Rasmus Ristolainen.
2:11 of 1st period - Kris Letang is hit by Joakim Nordstrom.
2:48 of 1st period - Icing by Dominik Kubalik.
2:49 of 1st period - Ryan Strome wins face-off versus Nic Dowd in Avalanche zone.
3:01 of 1st period - Shot by Ryan Strome.
3:01 of 1st period - Stopped by Matt Murray with a rebound.
3:19 of 1st period - Shot by Dmitry Orlov.
3:19 of 1st period - Shot Misses the Net.
3:40 of 1st period - Icing by Adam Fox.
3:41 of 1st period - Casey Cizikas wins face-off versus Tyler Seguin in Avalanche zone.
3:54 of 1st period - Luke Glendening is hit by Casey Cizikas and loses puck.
4:10 of 1st period - Minor Penalty to Chris Tanev for Roughing.
4:11 of 1st period - Leon Draisaitl wins face-off versus Brad Richardson in Avalanche zone.
4:11 of 1st period - Elias Lindholm is hit by Michael Anderson and loses puck.
4:44 of 1st period - Shot by Leon Draisaitl.
4:44 of 1st period - Deflect By Ryan Nugent-Hopkins.
4:44 of 1st period - Stopped by Frederik Andersen without a rebound.
4:45 of 1st period - Tyler Seguin wins face-off versus Casey Cizikas in Avalanche zone.
4:45 of 1st period - Erik Gustafsson is hit by Michael Anderson and loses puck.
4:52 of 1st period - Shot by Erik Gustafsson.
4:52 of 1st period - Shot Blocked by Michael Anderson.
5:00 of 1st period - Shot by Kevin Fiala.
5:00 of 1st period - Shot Misses the Net.
5:05 of 1st period - Tyler Seguin is hit by Michael Anderson and loses puck.
5:38 of 1st period - Shot by Leon Draisaitl.
5:38 of 1st period - Shot Misses the Net.
5:40 of 1st period - Shot by Kris Letang.
5:40 of 1st period - Goal by Kris Letang - Sabres : 1 - Avalanche : 1.
5:41 of 1st period - Nic Dowd wins face-off versus Ryan Dzingel in neutral zone.
6:34 of 1st period - Shot by Leon Draisaitl.
6:34 of 1st period - Stopped by Frederik Andersen without a rebound.
6:35 of 1st period - Lars Eller wins face-off versus Ryan Strome in Avalanche zone.
7:01 of 1st period - Icing by Ryan Strome.
7:02 of 1st period - Ryan Strome wins face-off versus Leon Draisaitl in Avalanche zone.
7:02 of 1st period - Ryan Strome is hit by Ryan Nugent-Hopkins.
7:51 of 1st period - Tobias Rieder is hit by Adam Pelech and loses puck.
8:07 of 1st period - Icing by Elias Lindholm.
8:08 of 1st period - Leon Draisaitl wins face-off versus Dylan Strome in Sabres zone.
8:08 of 1st period - Leon Draisaitl is hit by Robby Fabbri.
8:30 of 1st period - Shot by Dylan Strome.
8:30 of 1st period - Shot Misses the Net.
8:32 of 1st period - Shot by Robby Fabbri.
8:32 of 1st period - Stopped by Matt Murray without a rebound.
8:33 of 1st period - Lars Eller wins face-off versus Ryan Strome in Sabres zone.
8:48 of 1st period - Shot by Nikolaj Ehlers.
8:48 of 1st period - Stopped by Frederik Andersen with a rebound.
9:31 of 1st period - Shot by Tyler Seguin.
9:31 of 1st period - Stopped by Frederik Andersen without a rebound.
9:32 of 1st period - Jimmy Vesey wins face-off versus Casey Cizikas in Avalanche zone.
9:50 of 1st period - Andreas Athanasiou is hit by Rasmus Ristolainen.
10:23 of 1st period - Shot by Erik Gustafsson.
10:23 of 1st period - Stopped by Frederik Andersen without a rebound.
10:24 of 1st period - Leon Draisaitl wins face-off versus Dylan Strome in Avalanche zone.
10:43 of 1st period - Dmitry Orlov is hit by Robby Fabbri and loses puck.
10:55 of 1st period - Shot by Shayne Gostisbehere.
10:55 of 1st period - Stopped by Matt Murray with a rebound.
11:28 of 1st period - Michael Anderson is hit by Luke Glendening and loses puck.
11:33 of 1st period - Shot by Brad Richardson.
11:33 of 1st period - Stopped by Matt Murray without a rebound.
11:34 of 1st period - Lars Eller wins face-off versus Dominik Kubalik in Sabres zone.
11:36 of 1st period - Icing by Kris Letang.
11:37 of 1st period - Lars Eller wins face-off versus Ryan Strome in Sabres zone.
11:37 of 1st period - Lars Eller is hit by Ryan Strome.
11:48 of 1st period - Icing by Adam Fox.
11:49 of 1st period - Tyler Seguin wins face-off versus Ryan Strome in Avalanche zone.
11:56 of 1st period - Luke Glendening is hit by Chris Tanev and loses puck.
11:59 of 1st period - Shot by Tyler Seguin.
11:59 of 1st period - Shot Misses the Net.
12:01 of 1st period - Shot by Tyler Seguin.
12:01 of 1st period - Stopped by Frederik Andersen with a rebound.
12:03 of 1st period - Shot by Rasmus Ristolainen.
12:03 of 1st period - Stopped by Frederik Andersen without a rebound.
12:04 of 1st period - Dylan Strome wins face-off versus Leon Draisaitl in Avalanche zone.
12:04 of 1st period - Dylan Strome is hit by Ryan Nugent-Hopkins.
12:18 of 1st period - Ryan Dzingel is hit by Dmitry Orlov and loses puck.
12:29 of 1st period - Shot by Robby Fabbri.
12:29 of 1st period - Shot Misses the Net.
12:31 of 1st period - Shot by Shayne Gostisbehere.
12:31 of 1st period - Deflect By Dylan Strome.
12:31 of 1st period - Shot Misses the Net.
12:33 of 1st period - Shot by Shayne Gostisbehere.
12:33 of 1st period - Shot Blocked by Dmitry Orlov.
12:35 of 1st period - Shot by Dylan Strome.
12:35 of 1st period - Stopped by Matt Murray without a rebound.
12:36 of 1st period - Tyler Seguin wins face-off versus Ryan Strome in Sabres zone.
12:47 of 1st period - Shot by Kris Letang.
12:47 of 1st period - Shot Blocked by Chris Tanev.
13:04 of 1st period - Icing by Rasmus Ristolainen.
13:05 of 1st period - Tyler Seguin wins face-off versus Casey Cizikas in Sabres zone.
13:09 of 1st period - Off-side.
13:10 of 1st period - Dylan Strome wins face-off versus Ryan Nugent-Hopkins in neutral zone.
13:15 of 1st period - Shot by Ryan Dzingel.
13:15 of 1st period - Stopped by Matt Murray without a rebound.
13:16 of 1st period - Leon Draisaitl wins face-off versus Casey Cizikas in Sabres zone.
13:25 of 1st period - Shot by Leon Draisaitl.
13:25 of 1st period - Shot Misses the Net.
13:27 of 1st period - Shot by Rasmus Ristolainen.
13:27 of 1st period - Deflect By Leon Draisaitl.
13:27 of 1st period - Shot Misses the Net.
13:29 of 1st period - Shot by Rasmus Ristolainen.
13:29 of 1st period - Deflect By Ryan Nugent-Hopkins.
13:29 of 1st period - Stopped by Frederik Andersen without a rebound.
13:30 of 1st period - Tyler Seguin wins face-off versus Dylan Strome in Avalanche zone.
13:46 of 1st period - Shot by Kevin Fiala.
13:46 of 1st period - Shot Misses the Net.
14:07 of 1st period - Ryan Dzingel is hit by Erik Gustafsson and loses puck.
14:30 of 1st period - Andrew Mangiapane is hit by Adam Pelech.
14:57 of 1st period - Icing by Rasmus Ristolainen.
14:58 of 1st period - Leon Draisaitl wins face-off versus Casey Cizikas in Sabres zone.
15:16 of 1st period - Kris Letang is hit by Miles Wood and loses puck.
15:21 of 1st period - Shot by Andreas Athanasiou.
15:21 of 1st period - Stopped by Matt Murray without a rebound.
15:22 of 1st period - Brad Richardson wins face-off versus Lars Eller in Sabres zone.
15:56 of 1st period - Shot by Nikolaj Ehlers.
15:56 of 1st period - Shot Blocked by Joakim Nordstrom.
16:28 of 1st period - Shot by Elias Lindholm.
16:28 of 1st period - Stopped by Frederik Andersen with a rebound.
16:32 of 1st period - Shot by Ryan Nugent-Hopkins.
16:32 of 1st period - Goal by Ryan Nugent-Hopkins - Sabres : 2 - Avalanche : 1.
16:33 of 1st period - Nic Dowd wins face-off versus Dylan Strome in neutral zone.
16:53 of 1st period - Shot by Jimmy Vesey.
16:53 of 1st period - Deflect By Nic Dowd.
16:53 of 1st period - Stopped by Frederik Andersen without a rebound.
16:54 of 1st period - Leon Draisaitl wins face-off versus Casey Cizikas in Avalanche zone.
17:03 of 1st period - Casey Cizikas is hit by Elias Lindholm and loses puck.
17:26 of 1st period - Adam Fox is hit by Elias Lindholm and loses puck.
17:47 of 1st period - Ryan Strome is hit by Ryan Nugent-Hopkins and loses puck.
18:06 of 1st period - Shot by Dominik Kubalik.
18:06 of 1st period - Shot Misses the Net.
18:08 of 1st period - Shot by Jake McCabe.
18:08 of 1st period - Stopped by Matt Murray without a rebound.
18:09 of 1st period - Dylan Strome wins face-off versus Lars Eller in Sabres zone.
18:19 of 1st period - Icing by Nikolaj Ehlers.
18:20 of 1st period - Lars Eller wins face-off versus Brad Richardson in Sabres zone.
18:38 of 1st period - Shot by Jonathan Drouin.
18:38 of 1st period - Stopped by Frederik Andersen without a rebound.
18:39 of 1st period - Kevin Fiala wins face-off versus Dylan Strome in Avalanche zone.
19:12 of 1st period - Shot by Kevin Fiala.
19:12 of 1st period - Shot Misses the Net.
19:54 of 1st period - Shot by Ryan Strome.
19:54 of 1st period - Shot Blocked by Rasmus Ristolainen.
19:56 of 1st period - Shot by Ryan Strome.
19:56 of 1st period - Shot Misses the Net.
19:58 of 1st period - Shot by Shayne Gostisbehere.
19:58 of 1st period - Deflect By Dominik Kubalik.
19:58 of 1st period - Shot Blocked by Kris Letang.
Goals for this period are 2 for Sabres vs 1 for Avalanche.
Shots for this period are 13 for Sabres vs 12 for Avalanche.

2nd period


0:01 of 2nd period - Lars Eller wins face-off versus Ryan Strome in neutral zone.
0:24 of 2nd period - Shot by Dominik Kubalik.
0:24 of 2nd period - Stopped by Matt Murray without a rebound.
0:25 of 2nd period - Tyler Seguin wins face-off versus Miles Wood in Sabres zone.
0:33 of 2nd period - Off-side.
0:34 of 2nd period - Dylan Strome wins face-off versus Leon Draisaitl in neutral zone.
0:55 of 2nd period - Shot by Robby Fabbri.
0:55 of 2nd period - Shot Misses the Net.
1:08 of 2nd period - Icing by Ryan Nugent-Hopkins.
1:09 of 2nd period - Ryan Strome wins face-off versus Leon Draisaitl in Sabres zone.
1:20 of 2nd period - Shot by Ryan Nugent-Hopkins.
1:20 of 2nd period - Shot Misses the Net.
2:17 of 2nd period - Icing by Rasmus Dahlin.
2:18 of 2nd period - Tyler Seguin wins face-off versus Brad Richardson in Sabres zone.
2:22 of 2nd period - Dmitry Orlov is hit by Noah Juulsen and loses puck.
2:43 of 2nd period - Shot by Jonathan Drouin.
2:43 of 2nd period - Shot Blocked by Noah Juulsen.
2:45 of 2nd period - Shot by Nikolaj Ehlers.
2:45 of 2nd period - Shot Hit the Post.
2:47 of 2nd period - Shot by Adam Pelech.
2:47 of 2nd period - Shot Misses the Net.
2:49 of 2nd period - Shot by Erik Gustafsson.
2:49 of 2nd period - Shot Blocked by Brad Richardson.
3:21 of 2nd period - Shot by Dylan Strome.
3:21 of 2nd period - Stopped by Matt Murray with a rebound.
3:23 of 2nd period - Shot by Robby Fabbri.
3:23 of 2nd period - Stopped by Matt Murray without a rebound.
3:24 of 2nd period - Nic Dowd wins face-off versus Ryan Strome in Sabres zone.
3:24 of 2nd period - Kris Letang is hit by Dominik Kubalik and loses puck.
3:56 of 2nd period - Minor Penalty to Chris Tanev for High sticking.
3:57 of 2nd period - Brad Richardson wins face-off versus Leon Draisaitl in Avalanche zone.
3:57 of 2nd period - Joakim Nordstrom is hit by Leon Draisaitl and loses puck.
4:42 of 2nd period - Shot by Tobias Rieder.
4:42 of 2nd period - Shot Misses the Net.
5:16 of 2nd period - Shot by Nikolaj Ehlers.
5:16 of 2nd period - Shot Blocked by Joakim Nordstrom.
5:30 of 2nd period - Shot by Tyler Seguin.
5:30 of 2nd period - Stopped by Frederik Andersen with a rebound.
5:32 of 2nd period - Shot by Kris Letang.
5:32 of 2nd period - Shot Blocked by Jake McCabe.
6:29 of 2nd period - Dmitry Orlov is hit by Adam Fox and loses puck.
7:07 of 2nd period - Shot by Kris Letang.
7:07 of 2nd period - Stopped by Frederik Andersen without a rebound.
7:08 of 2nd period - Casey Cizikas wins face-off versus Luke Glendening in Avalanche zone.
7:15 of 2nd period - Shot by Jake McCabe.
7:15 of 2nd period - Shot Blocked by Dmitry Orlov.
7:30 of 2nd period - Shot by Luke Glendening.
7:30 of 2nd period - Shot Blocked by Michael Anderson.
7:32 of 2nd period - Shot by Luke Glendening.
7:32 of 2nd period - Stopped by Frederik Andersen with a rebound.
7:34 of 2nd period - Shot by Dmitry Orlov.
7:34 of 2nd period - Shot Misses the Net.
7:57 of 2nd period - Shot by Leon Draisaitl.
7:57 of 2nd period - Deflect By Ryan Nugent-Hopkins.
7:57 of 2nd period - Shot Blocked by Michael Anderson.
7:59 of 2nd period - Shot by Elias Lindholm.
7:59 of 2nd period - Goal by Elias Lindholm - Sabres : 3 - Avalanche : 1.
8:00 of 2nd period - Dylan Strome wins face-off versus Nic Dowd in neutral zone.
8:03 of 2nd period - Michael Grabner is hit by Robby Fabbri and loses puck.
8:29 of 2nd period - Icing by Shayne Gostisbehere.
8:30 of 2nd period - Leon Draisaitl wins face-off versus Dylan Strome in Avalanche zone.
8:35 of 2nd period - Shot by Ryan Nugent-Hopkins.
8:35 of 2nd period - Shot Blocked by Noah Juulsen.
8:40 of 2nd period - Dylan Strome is hit by Adam Pelech.
8:52 of 2nd period - Shot by Ryan Strome.
8:52 of 2nd period - Stopped by Matt Murray without a rebound.
8:53 of 2nd period - Luke Glendening wins face-off versus Ryan Strome in Sabres zone.
8:53 of 2nd period - Luke Glendening is hit by Andrew Mangiapane.
9:37 of 2nd period - Chris Tanev is hit by Luke Glendening and loses puck.
10:19 of 2nd period - Icing by Kris Letang.
10:20 of 2nd period - Ryan Nugent-Hopkins wins face-off versus Dylan Strome in Sabres zone.
11:44 of 2nd period - Shot by Andreas Athanasiou.
11:44 of 2nd period - Shot Blocked by Dmitry Orlov.
12:05 of 2nd period - Luke Glendening is hit by Miles Wood.
13:23 of 2nd period - Ryan Strome is hit by Adam Pelech and loses puck.
13:41 of 2nd period - Icing by Shayne Gostisbehere.
13:42 of 2nd period - Ryan Strome wins face-off versus Lars Eller in Avalanche zone.
13:44 of 2nd period - Icing by Andrew Mangiapane.
13:45 of 2nd period - Tyler Seguin wins face-off versus Ryan Strome in Avalanche zone.
14:43 of 2nd period - Off-side.
14:44 of 2nd period - Dylan Strome wins face-off versus Leon Draisaitl in neutral zone.
14:50 of 2nd period - Adam Fox is hit by Erik Gustafsson and loses puck.
15:19 of 2nd period - Chris Tanev is hit by Adam Pelech and loses puck.
15:33 of 2nd period - Icing by Ryan Dzingel.
15:34 of 2nd period - Dylan Strome wins face-off versus Nikolaj Ehlers in Avalanche zone.
15:34 of 2nd period - Robby Fabbri is hit by Lars Eller.
16:04 of 2nd period - Tobias Rieder is hit by Rasmus Ristolainen and loses puck.
16:10 of 2nd period - Tobias Rieder is hit by Rasmus Ristolainen.
16:14 of 2nd period - Shot by Brad Richardson.
16:14 of 2nd period - Shot Misses the Net.
16:16 of 2nd period - Shot by Tobias Rieder.
16:16 of 2nd period - Shot Misses the Net.
16:18 of 2nd period - Shot by Joakim Nordstrom.
16:18 of 2nd period - Shot Blocked by Lars Eller.
16:50 of 2nd period - Shot by Miles Wood.
16:50 of 2nd period - Stopped by Matt Murray without a rebound.
16:51 of 2nd period - Leon Draisaitl wins face-off versus Ryan Strome in Sabres zone.
16:55 of 2nd period - Icing by Elias Lindholm.
16:56 of 2nd period - Ryan Nugent-Hopkins wins face-off versus Ryan Strome in Sabres zone.
17:05 of 2nd period - Shot by Leon Draisaitl.
17:05 of 2nd period - Stopped by Frederik Andersen with a rebound.
17:08 of 2nd period - Icing by Shayne Gostisbehere.
17:09 of 2nd period - Ryan Strome wins face-off versus Luke Glendening in Avalanche zone.
17:09 of 2nd period - Ryan Strome is hit by Tyler Seguin.
18:11 of 2nd period - Icing by Luke Glendening.
18:12 of 2nd period - Tyler Seguin wins face-off versus Casey Cizikas in Sabres zone.
18:27 of 2nd period - Shot by Michael Anderson.
18:27 of 2nd period - Shot Misses the Net.
18:29 of 2nd period - Shot by Casey Cizikas.
18:29 of 2nd period - Stopped by Matt Murray without a rebound.
18:30 of 2nd period - Leon Draisaitl wins face-off versus Brad Richardson in Sabres zone.
19:36 of 2nd period - Shot by Nikolaj Ehlers.
19:36 of 2nd period - Stopped by Frederik Andersen without a rebound.
19:37 of 2nd period - Nic Dowd wins face-off versus Andrew Mangiapane in Avalanche zone.
19:45 of 2nd period - Nic Dowd is hit by Chris Tanev and loses puck.
Goals for this period are 1 for Sabres vs 0 for Avalanche.
Shots for this period are 6 for Sabres vs 6 for Avalanche.

3rd period


0:01 of 3rd period - Dylan Strome wins face-off versus Leon Draisaitl in neutral zone.
0:22 of 3rd period - Shot by Dylan Strome.
0:22 of 3rd period - Stopped by Matt Murray without a rebound.
0:23 of 3rd period - Andrew Mangiapane wins face-off versus Tyler Seguin in Sabres zone.
0:43 of 3rd period - Shot by Jake McCabe.
0:43 of 3rd period - Shot Misses the Net.
1:03 of 3rd period - Icing by Andrew Mangiapane.
1:04 of 3rd period - Ryan Nugent-Hopkins wins face-off versus Ryan Strome in Avalanche zone.
2:31 of 3rd period - Shot by Andreas Athanasiou.
2:31 of 3rd period - Shot Blocked by Dmitry Orlov.
2:36 of 3rd period - Double Minor Penalty to Rasmus Dahlin for Roughing.
2:37 of 3rd period - Ryan Strome wins face-off versus Luke Glendening in Sabres zone.
2:42 of 3rd period - Shot by Adam Fox.
2:42 of 3rd period - Stopped by Matt Murray without a rebound.
2:43 of 3rd period - Dylan Strome wins face-off versus Luke Glendening in Sabres zone.
2:44 of 3rd period - Shot by Adam Fox.
2:44 of 3rd period - Stopped by Matt Murray without a rebound.
2:45 of 3rd period - Luke Glendening wins face-off versus Ryan Strome in Sabres zone.
3:41 of 3rd period - Shot by Shayne Gostisbehere.
3:41 of 3rd period - Shot Blocked by Dmitry Orlov.
3:43 of 3rd period - Shot by Jake McCabe.
3:43 of 3rd period - Stopped by Matt Murray with a rebound.
3:45 of 3rd period - Shot by Jake McCabe.
3:45 of 3rd period - Shot Misses the Net.
3:47 of 3rd period - Shot by Jake McCabe.
3:47 of 3rd period - Stopped by Matt Murray without a rebound.
3:48 of 3rd period - Luke Glendening wins face-off versus Dylan Strome in Sabres zone.
4:04 of 3rd period - Icing by Robby Fabbri.
4:05 of 3rd period - Luke Glendening wins face-off versus Dylan Strome in Avalanche zone.
4:18 of 3rd period - Kris Letang is hit by Andreas Athanasiou and loses puck.
4:35 of 3rd period - Shot by Chris Tanev.
4:35 of 3rd period - Stopped by Matt Murray without a rebound.
4:36 of 3rd period - Ryan Strome wins face-off versus Luke Glendening in Sabres zone.
4:56 of 3rd period - Ryan Strome is hit by Dmitry Orlov and loses puck.
5:05 of 3rd period - Shot by Adam Fox.
5:05 of 3rd period - Stopped by Matt Murray with a rebound.
5:07 of 3rd period - Shot by Andrew Mangiapane.
5:07 of 3rd period - Deflect By Ryan Strome.
5:07 of 3rd period - Goal by Ryan Strome - Sabres : 3 - Avalanche : 2.
5:08 of 3rd period - Brad Richardson wins face-off versus Leon Draisaitl in neutral zone.
5:10 of 3rd period - Tobias Rieder is hit by Ryan Nugent-Hopkins and loses puck.
5:23 of 3rd period - Shot by Leon Draisaitl.
5:23 of 3rd period - Deflect By Elias Lindholm.
5:23 of 3rd period - Shot Misses the Net.
5:51 of 3rd period - Shot by Leon Draisaitl.
5:51 of 3rd period - Shot Blocked by Shayne Gostisbehere.
6:13 of 3rd period - Shot by Lars Eller.
6:13 of 3rd period - Shot Misses the Net.
6:29 of 3rd period - Shot by Jonathan Drouin.
6:29 of 3rd period - Shot Misses the Net.
6:33 of 3rd period - Shot by Lars Eller.
6:33 of 3rd period - Stopped by Frederik Andersen without a rebound.
6:34 of 3rd period - Tyler Seguin wins face-off versus Andrew Mangiapane in Avalanche zone.
6:56 of 3rd period - Shot by Kevin Fiala.
6:56 of 3rd period - Shot Misses the Net.
6:57 of 3rd period - Minor Penalty to Adam Fox for Roughing.
6:57 of 3rd period - Minor Penalty to Tyler Seguin for Hooking.
6:58 of 3rd period - Leon Draisaitl wins face-off versus Ryan Strome in Avalanche zone.
7:01 of 3rd period - Shot by Leon Draisaitl.
7:01 of 3rd period - Stopped by Frederik Andersen without a rebound.
7:02 of 3rd period - Leon Draisaitl wins face-off versus Ryan Strome in Avalanche zone.
7:07 of 3rd period - Shot by Ryan Nugent-Hopkins.
7:07 of 3rd period - Shot Misses the Net.
7:19 of 3rd period - Shot by Casey Cizikas.
7:19 of 3rd period - Shot Misses the Net.
7:21 of 3rd period - Shot by Casey Cizikas.
7:21 of 3rd period - Goal by Casey Cizikas - Sabres : 3 - Avalanche : 3.
7:22 of 3rd period - Ryan Strome wins face-off versus Leon Draisaitl in neutral zone.
8:13 of 3rd period - Shot by Dylan Strome.
8:13 of 3rd period - Shot Blocked by Kris Letang.
8:43 of 3rd period - Shot by Casey Cizikas.
8:43 of 3rd period - Shot Misses the Net.
8:45 of 3rd period - Shot by Casey Cizikas.
8:45 of 3rd period - Deflect By Ryan Strome.
8:45 of 3rd period - Shot Blocked by Kris Letang.
8:50 of 3rd period - Icing by Kris Letang.
8:51 of 3rd period - Joakim Nordstrom wins face-off versus Kevin Fiala in Sabres zone.
9:18 of 3rd period - Shot by Nikolaj Ehlers.
9:18 of 3rd period - Deflect By Jonathan Drouin.
9:18 of 3rd period - Stopped by Frederik Andersen with a rebound.
9:24 of 3rd period - Shot by Nikolaj Ehlers.
9:24 of 3rd period - Stopped by Frederik Andersen without a rebound.
9:25 of 3rd period - Joakim Nordstrom wins face-off versus Nic Dowd in Avalanche zone.
9:25 of 3rd period - Joakim Nordstrom is hit by Nic Dowd.
9:52 of 3rd period - Icing by Shayne Gostisbehere.
9:53 of 3rd period - Leon Draisaitl wins face-off versus Brad Richardson in Avalanche zone.
10:04 of 3rd period - Elias Lindholm is hit by Joakim Nordstrom and loses puck.
10:21 of 3rd period - Shot by Dominik Kubalik.
10:21 of 3rd period - Shot Misses the Net.
10:34 of 3rd period - Off-side.
10:35 of 3rd period - Tyler Seguin wins face-off versus Dylan Strome in neutral zone.
10:35 of 3rd period - Minor Penalty to Dylan Strome for Interference.
10:36 of 3rd period - Tyler Seguin wins face-off versus Brad Richardson in Avalanche zone.
11:11 of 3rd period - Shot by Kevin Fiala.
11:11 of 3rd period - Stopped by Frederik Andersen without a rebound.
11:12 of 3rd period - Leon Draisaitl wins face-off versus Ryan Dzingel in Avalanche zone.
11:27 of 3rd period - Shot by Elias Lindholm.
11:27 of 3rd period - Shot Misses the Net.
11:29 of 3rd period - Shot by Kris Letang.
11:29 of 3rd period - Shot Blocked by Shayne Gostisbehere.
11:37 of 3rd period - Shot by Kris Letang.
11:37 of 3rd period - Shot Blocked by Joakim Nordstrom.
11:39 of 3rd period - Shot by Rasmus Ristolainen.
11:39 of 3rd period - Stopped by Frederik Andersen with a rebound.
11:41 of 3rd period - Shot by Rasmus Ristolainen.
11:41 of 3rd period - Shot Misses the Net.
11:43 of 3rd period - Shot by Kris Letang.
11:43 of 3rd period - Stopped by Frederik Andersen without a rebound.
11:44 of 3rd period - Casey Cizikas wins face-off versus Tyler Seguin in Avalanche zone.
12:50 of 3rd period - Shot by Dylan Strome.
12:50 of 3rd period - Stopped by Matt Murray without a rebound.
12:51 of 3rd period - Ryan Strome wins face-off versus Leon Draisaitl in Sabres zone.
13:18 of 3rd period - Shot by Elias Lindholm.
13:18 of 3rd period - Deflect By Leon Draisaitl.
13:18 of 3rd period - Shot Misses the Net.
13:54 of 3rd period - Shot by Nic Dowd.
13:54 of 3rd period - Shot Blocked by Shayne Gostisbehere.
14:54 of 3rd period - Shot by Kevin Fiala.
14:54 of 3rd period - Stopped by Frederik Andersen without a rebound.
14:55 of 3rd period - Casey Cizikas wins face-off versus Leon Draisaitl in Avalanche zone.
15:12 of 3rd period - Shot by Leon Draisaitl.
15:12 of 3rd period - Stopped by Frederik Andersen without a rebound.
15:13 of 3rd period - Lars Eller wins face-off versus Brad Richardson in Avalanche zone.
15:27 of 3rd period - Icing by Jonathan Drouin.
15:28 of 3rd period - Ryan Strome wins face-off versus Jonathan Drouin in Sabres zone.
15:47 of 3rd period - Shot by Nikolaj Ehlers.
15:47 of 3rd period - Deflect By Jonathan Drouin.
15:47 of 3rd period - Shot Blocked by Jake McCabe.
15:49 of 3rd period - Shot by Nikolaj Ehlers.
15:49 of 3rd period - Stopped by Frederik Andersen without a rebound.
15:50 of 3rd period - Tyler Seguin wins face-off versus Casey Cizikas in Avalanche zone.
16:03 of 3rd period - Shot by Andreas Athanasiou.
16:03 of 3rd period - Deflect By Miles Wood.
16:03 of 3rd period - Stopped by Matt Murray without a rebound.
16:04 of 3rd period - Ryan Strome wins face-off versus Leon Draisaitl in Sabres zone.
16:04 of 3rd period - Dominik Kubalik is hit by Kris Letang and loses puck.
16:16 of 3rd period - Icing by Rasmus Ristolainen.
16:17 of 3rd period - Dylan Strome wins face-off versus Leon Draisaitl in Sabres zone.
17:33 of 3rd period - Icing by Jake McCabe.
17:34 of 3rd period - Lars Eller wins face-off versus Casey Cizikas in Avalanche zone.
17:53 of 3rd period - Casey Cizikas is hit by Adam Pelech and loses puck.
18:17 of 3rd period - Shot by Ryan Strome.
18:17 of 3rd period - Shot Blocked by Erik Gustafsson.
18:19 of 3rd period - Shot by Adam Fox.
18:19 of 3rd period - Shot Misses the Net.
18:21 of 3rd period - Shot by Andrew Mangiapane.
18:21 of 3rd period - Shot Misses the Net.
18:23 of 3rd period - Shot by Andrew Mangiapane.
18:23 of 3rd period - Stopped by Matt Murray without a rebound.
18:24 of 3rd period - Brad Richardson wins face-off versus Tyler Seguin in Sabres zone.
18:35 of 3rd period - Shot by Tobias Rieder.
18:35 of 3rd period - Shot Misses the Net.
18:59 of 3rd period - Shot by Tyler Seguin.
18:59 of 3rd period - Shot Blocked by Shayne Gostisbehere.
19:52 of 3rd period - Icing by Michael Anderson.
19:53 of 3rd period - Lars Eller wins face-off versus Ryan Strome in Avalanche zone.
19:55 of 3rd period - Nikolaj Ehlers is hit by Michael Anderson and loses puck.
Goals for this period are 0 for Sabres vs 2 for Avalanche.
Shots for this period are 10 for Sabres vs 12 for Avalanche.

Overtime #1


0:01 of 1st overtime period - Casey Cizikas wins face-off versus Leon Draisaitl in neutral zone.
0:16 of 1st overtime period - Shot by Ryan Strome.
0:16 of 1st overtime period - Stopped by Matt Murray with a rebound.
0:18 of 1st overtime period - Shot by Shayne Gostisbehere.
0:18 of 1st overtime period - Stopped by Matt Murray without a rebound.
0:19 of 1st overtime period - Leon Draisaitl wins face-off versus Casey Cizikas in Sabres zone.
0:34 of 1st overtime period - Shot by Casey Cizikas.
0:34 of 1st overtime period - Deflect By Ryan Strome.
0:34 of 1st overtime period - Shot Misses the Net.
0:36 of 1st overtime period - Shot by Ryan Strome.
0:36 of 1st overtime period - Shot Misses the Net.
1:20 of 1st overtime period - Shot by Elias Lindholm.
1:20 of 1st overtime period - Deflect By Kevin Fiala.
1:20 of 1st overtime period - Shot Misses the Net.
2:17 of 1st overtime period - Shot by Ryan Strome.
2:17 of 1st overtime period - Shot Misses the Net.
2:27 of 1st overtime period - Shot by Tyler Seguin.
2:27 of 1st overtime period - Stopped by Frederik Andersen with a rebound.
2:29 of 1st overtime period - Shot by Kris Letang.
2:29 of 1st overtime period - Shot Misses the Net.
3:07 of 1st overtime period - Shot by Nikolaj Ehlers.
3:07 of 1st overtime period - Stopped by Frederik Andersen without a rebound.
3:08 of 1st overtime period - Ryan Nugent-Hopkins wins face-off versus Casey Cizikas in Avalanche zone.
3:17 of 1st overtime period - Shot by Ryan Nugent-Hopkins.
3:17 of 1st overtime period - Stopped by Frederik Andersen without a rebound.
3:17 of 1st overtime period - Minor Penalty to Frederik Andersen for Slashing.
3:18 of 1st overtime period - Leon Draisaitl wins face-off versus Ryan Dzingel in Avalanche zone.
4:07 of 1st overtime period - Shot by Tyler Seguin.
4:07 of 1st overtime period - Deflect By Elias Lindholm.
4:07 of 1st overtime period - Shot Blocked by Chris Tanev.
4:48 of 1st overtime period - Shot by Jake McCabe.
4:48 of 1st overtime period - Shot Misses the Net.
Goals for this period are 0 for Sabres vs 0 for Avalanche.
Shots for this period are 3 for Sabres vs 2 for Avalanche.

ShootOut


5:00 of 1st overtime period - Round #1.
5:00 of 1st overtime period - Sabres, Tyler Seguin.
5:00 of 1st overtime period - Goal by Tyler Seguin.
5:00 of 1st overtime period - Avalanche, Ryan Strome.
5:00 of 1st overtime period - Stopped by Matt Murray.
5:00 of 1st overtime period - Round #2.
5:00 of 1st overtime period - Sabres, Leon Draisaitl.
5:00 of 1st overtime period - Goal by Leon Draisaitl.
5:00 of 1st overtime period - Avalanche, Andreas Athanasiou.
5:00 of 1st overtime period - Stopped by Matt Murray.
5:00 of 1st overtime period - Round #3.